 Dungeon Crawl Stone Soup version 0.20.1-1-g8b1a95d (webtiles) character file.

66 vineage the Covered (level 4, 0/43 HPs)
             Began as a Gargoyle Fighter on Sept 23, 2017.
             Slain by a goblin (2 damage)
             ... led by Robin
             ... on level 2 of the Dungeon.
             The game lasted 00:01:36 (1163 turns).

vineage the Covered (Gargoyle Fighter)              Turns: 1163, Time: 00:01:37

Health: 0/43       AC: 11    Str: 24    XL:     4   Next: 15%
Magic:  4/4        EV:  7    Int: 14    God:
Gold:   82         SH:  9    Dex: 10    Spells: 3/3 levels left

rFire    . . .     SeeInvis .   a - +0 flail
rCold    . . .     Gourm    .   c - +0 shield
rNeg     + . .     Faith    .   b - +0 scale mail
rPois    ∞         Spirit   .   (no helmet)
rElec    +         Reflect  .   (no cloak)
rCorr    .         Harm     .   (no gloves)
MR       .....                  h - +0 pair of boots
Stlth    ..........             (no amulet)
Regen    0.2/turn               (no ring)
MPRegen  0.1/turn               (no ring)

@: mighty, brilliant, berserking (expiring), very quick
A: negative energy resistance 1, electricity resistance, unbreathing,
petrification resistance, rot immunity, AC +3
a: no special abilities


You were on level 2 of the Dungeon.
You were very hungry.

You visited 1 branch of the dungeon, and saw 2 of its levels.

You collected 82 gold pieces.

Inventory:

Hand Weapons
 a - a +0 flail (weapon)
Armour
 b - a +0 scale mail (worn)
 c - a +0 shield (worn)
 h - a +0 pair of boots (worn)
Jewellery
 i - a cursed -3 ring of evasion {unknown}
 m - an uncursed ring of protection from magic {unknown}
 n - an uncursed ring of wizardry {unknown}
 r - an uncursed amulet of guardian spirit {unknown}
Scrolls
 g - 2 scrolls of identify {unknown}
 k - a scroll of random uselessness {unknown}
 l - 2 scrolls of teleportation {unknown}
 o - a scroll of fog {unknown}
 p - 2 scrolls of remove curse {unknown}
Potions
 d - a potion of might
Comestibles
 f - 3 bread rations
 q - a meat ration


   Skills:
 + Level 3.8 Fighting
 + Level 2.7 Maces & Flails
 + Level 4.1 Armour
 + Level 0.1 Dodging
 + Level 3.7 Shields


You had 3 spell levels left.
You didn't know any spells.

Dungeon Overview and Level Annotations

Branches:
Dungeon (2/15)

Altars:
Dithmenos

Annotations:
D:2 Robin


Innate Abilities, Weirdness & Mutations

You are resistant to torment.
Your stone body is resilient. (AC +3)
You are immune to poison.
You resist negative energy. (rN+)
You are resistant to electric shocks. (rElec)
You can survive without breathing.
You are immune to petrification.
You are immune to rotting.


Message History

The goblin hits you but does no damage. You block the goblin's attack.
The frilled lizard bites you but does no damage.
The hobgoblin no longer looks unusually strong.
You block Robin's attack. The hobgoblin barely misses you.
You block the goblin's attack.
Items here: ))) †††† You miss the frilled lizard.
The frilled lizard closely misses you. Robin hits you with a club.
* * * LOW HITPOINT WARNING * * *
The hobgoblin hits you with a club.
* * * LOW HITPOINT WARNING * * *
The goblin hits you but does no damage.
You miss the frilled lizard.
The goblin no longer looks unusually strong.
You block the goblin's attack. The frilled lizard barely misses you.
You hit the frilled lizard.
You kill the frilled lizard!
Robin hits you but does no damage. You block the hobgoblin's attack.
The goblin hits you.
You die...

####..##.###........#
.....###............#
.##### #.###........#
..# #.# #........#
#.# #†# #####..###
#.## ###.#######..#
#..###...†....##..#
##..(..##.....##gg#
##..####.....##@†#
##...........##gg#
##..#####.....##†.#
....#####.....##..#
.......##.....##..#
#......#########..#
.)##....## ....
#######..## ....
##..### ?...?


You could see Robin, a hobgoblin and 2 goblins.

Vanquished Creatures
  An ooze (D:1)
  4 worms (D:2)
  2 leopard geckos
  7 bats
  3 giant cockroaches (D:1)
  3 hobgoblins
  4 jackals (D:1)
  A quokka (D:2)
  3 frilled lizards
  11 goblins
  2 kobolds (D:2)
  5 rats
46 creatures vanquished.

Notes
Turn   | Place    | Note
-------+----------+-------------------------------------------
     0 | D:1      | vineage the Gargoyle Fighter began the quest for the Orb.
     0 | D:1      | Reached XP level 1. HP: 14/14 MP: 1/1
   137 | D:1      | Reached XP level 2. HP: 18/19 MP: 2/2
   410 | D:1      | Reached XP level 3. HP: 24/24 MP: 3/3
   904 | D:2      | Found a shadowy altar of Dithmenos.
  1076 | D:2      | Reached skill level 4 in Armour
  1130 | D:2      | Noticed Robin
  1141 | D:2      | Reached XP level 4. HP: 16/29 MP: 4/4
  1161 | D:2      | HP: 2/43 [hobgoblin/club[Robin] (1)]
  1163 | D:2      | Slain by a goblin

Skill      XL: |  1  2  3 |
---------------+----------+-----
Armour         | 4 |  4.1
Fighting       | |  3.8
Maces & Flails | |  2.7
Dodging        | |  0.1
Shields        | |  3.7

Action                   |  1- 3 |  4- 6 || total
-------------------------+-------+-------++-------
Melee: Flail             |   137 |    16 ||   153
  Use: Potion            |       |     3 ||     3
Armor: Scale mail        |    88 |    42 ||   130
Dodge: Dodged            |    41 |    24 ||    65
Block: Shield            |    70 |    36 ||   106
